 Dungeon Crawl Stone Soup version 0.30-a0-149-g7f746667c4 (webtiles) character file.

Game seed: 7834509773501269411

445 ravioli the Conjurer (level 7, -9/41 HPs)
             Began as an Octopode Conjurer on Sept 27, 2022.
             Was an Initiate of Vehumet.
             Mangled by an ogre
             ... wielding a +0 giant spiked club
              (23 damage)
             ... on level 5 of the Dungeon.
             The game lasted 00:12:45 (6481 turns).

ravioli the Conjurer (Octopode Conjurer)            Turns: 6481, Time: 00:12:46

Health: -9/41      AC:  1    Str:  6    XL:     7   Next: 3%
Magic:  9/13       EV: 13    Int: 22    God:    Vehumet [......]
Gold:   232        SH:  5    Dex: 11    Spells: 8/14 levels left

rFire   . . .      SeeInvis .    (no weapon)
rCold   . . .      Faith    .    (no shield)
rNeg    . . .      Spirit   .    (helmet restricted)
rPois   .          Reflect  +    i - amulet of reflection
rElec   .          Harm     .    (no ring)
rCorr   .          Rampage  .    (no ring)
Will    .....                    (no ring)
Stlth   +++.......               (no ring)
HPRegen 0.13/turn                (no ring)
MPRegen 0.13/turn                (no ring)
                                 (no ring)
                                 (no ring)

@: about to teleport
A: almost no armour, amphibious, 8 rings, camouflage 1, gelatinous body 1,
(nimble swimmer 1), tentacles
a: Renounce Religion


You were on level 5 of the Dungeon.
You worshipped Vehumet.
Vehumet was noncommittal.
You visited 2 branches of the dungeon, and saw 6 of its levels.

You collected 232 gold pieces.

Inventory:

Hand Weapons
 c - a +0 dagger
Missiles
 n - 12 poisoned darts
Magical Staves
 e - a staff of fire
Jewellery
 i - an amulet of reflection (around mantle)
Scrolls
 b - a scroll of poison {unknown}
 d - 3 scrolls of fog {unknown}
 g - a scroll of noise {unknown}
 h - a scroll of silence {unknown}
 k - 2 scrolls of blinking {unknown}
 o - 5 scrolls of immolation
 s - a scroll of fear {unknown}
 u - 2 scrolls of teleportation
 w - a scroll of vulnerability {unknown}
Potions
 a - a potion of magic
 f - 2 potions of resistance
 j - 3 potions of heal wounds
 l - 2 potions of brilliance
 m - a potion of attraction {unknown}
 p - a potion of invisibility {unknown}
 q - a potion of curing {unknown}
 r - 2 potions of berserk rage {unknown}
 t - a potion of cancellation {unknown}
 v - a potion of haste {unknown}
 x - 2 potions of degeneration {unknown}


   Skills:
 - Level 0.2 Fighting
 + Level 2.4 Dodging
 - Level 3.1 Stealth
 + Level 0.2 Shields
 + Level 4.2 Spellcasting
 + Level 6.4 Conjurations
 * Level 1.2 Hexes


You had 8 spell levels left.
You knew the following spells:

 Your Spells              Type           Power      Damage    Failure   Level
a - Magic Dart            Conj           100%       1d8       1%          1
b - Searing Ray           Conj           66%        2d6       1%          2
c - Dazzling Flash        Conj/Hex       42%        N/A       7%          3

Your spell library contained the following spells:

 Spells                   Type           Power      Damage    Failure   Level
 Fulminant Prism          Conj/Hex       10%        3d9       22%         4
 Iskenderun's Mystic Bla  Conj/Tloc      18%        2d6       28%         4


Dungeon Overview and Level Annotations

Branches:
Dungeon (5/15)             Temple (1/1) D:4

Altars:
Elyvilon
Makhleb
Nemelex Xobeh
Okawaru
Qazlal
Sif Muna
Trog
Uskayaw
Vehumet
Zin

Annotations:
D:3 2 transporters, Splishie's ghost, amateur GnWn
D:4 Grinder
D:5 2 runed translucent doors


Innate Abilities, Weirdness & Mutations

You cannot wear most types of armour.
You are amphibious.
You can wear up to eight rings at the same time.
Your skin changes colour to match your surroundings (Stealth+).
Your rubbery body absorbs attacks. (AC +1, EV +1)
((You are camouflaged when in or above water. (Stealth+)))
You have tentacles for arms and can constrict up to eight enemies at once.


Message History

Found a stone staircase leading down.
Found a stone staircase leading up.
There is a stone staircase leading up here.
r - 2 amethyst potions (gained 1)
You open the door.
There is an open door here.
A quokka comes into view.
The magic dart hits the quokka but does no damage.
The quokka misses you.
The magic dart hits the quokka.
You kill the quokka!
Vehumet accepts your kill.
You start resting.
Magic restored.
An ogre and an iguana come into view.
The ogre shouts!
You hear a shout! x2
Okay, then.
Casting: Magic Dart (safe; 1% risk of failure)
Confirm with . or Enter, or press ? or * to list all spells.
Aiming: Searing Ray (safe; 1% risk of failure)
Press: ? - help, Shift-Dir - straight line, f - ogre
Aim: an ogre, wielding a +0 giant spiked club (91% to hit)
The searing ray hits the ogre.
The ogre is lightly wounded. (Press . to maintain the ray.)
The ogre barely misses you.
The searing ray hits the ogre.
The ogre is moderately wounded.
A scorpion comes into view.
Unknown command.
The searing ray hits the ogre!
The ogre is heavily wounded.
The ogre hits you with a +0 giant spiked club!!
Ouch! That really hurt!
Unknown command.
As you read the scroll of teleportation, it crumbles to dust.
You feel strangely unstable.
The ogre hits you with a +0 giant spiked club!!
Ouch! That really hurt!
You die...

#8)!8##.# #..... 8....8#.#
#..... .$.W..+.#####
#..... ..c...+.....#
#..... #.###.## ##.....
##......######......
#...................
#'###.............##
#..@##.......#..###
##†#O#..>....#....##
#.##l#.......##.#..# ##
s#.......##.##..
.#.............. ####
##.......##.####
######..######........##.#
#
...............#########.#
#####.....###### #.#


You could see an ogre, a scorpion and an iguana.

Vanquished Creatures
  A scorpion (D:3)
  2 hounds
  An orc priest (D:5)
  3 orc wizards
  2 iguanas
  Robin (D:3)
  5 adders
  A shadow imp (D:5)
  2 dart slugs
  6 orcs
  4 endoplasms
  2 giant cockroaches
  15 goblins
  11 hobgoblins
  11 jackals (D:1)
  8 quokkas
  5 ball pythons
  6 bats
  2 frilled lizards
  8 kobolds
  2 rats
98 creatures vanquished.

Vanquished Creatures (others)
  A worm (D:4)
1 creature vanquished.

Grand Total: 99 creatures vanquished

Notes
Turn   | Place    | Note
-------+----------+-------------------------------------------
     0 | D:1      | ravioli the Octopode Conjurer began the quest for the Orb.
     0 | D:1      | Reached XP level 1. HP: 11/11 MP: 3/3
   257 | D:1      | Reached XP level 2. HP: 17/17 MP: 1/5
   639 | D:1      | Reached XP level 3. HP: 18/21 MP: 0/6
   877 | D:1      | Learned a level 2 spell: Searing Ray
  1765 | D:2      | Found a faded altar of an unknown god.
  2045 | D:2      | Reached XP level 4. HP: 27/27 MP: 4/7
  2105 | D:2      | Reached skill level 5 in Conjurations
  2453 | D:3      | Noticed Robin
  2507 | D:3      | Killed Robin
  2715 | D:3      | Learned a level 3 spell: Dazzling Flash
  3007 | D:3      | Found a glowing silver altar of Zin.
  3149 | D:3      | Noticed Splishie's ghost (amateur GnWn)
  3171 | D:3      | Found a transporter.
  3188 | D:3      | Found a transporter.
  3333 | D:3      | Noticed a scorpion
  3469 | D:4      | Found a staircase to the Ecumenical Temple.
  3475 | D:4      | Reached XP level 5. HP: 31/31 MP: 1/9
  3711 | Temple   | Entered the Ecumenical Temple
  3726 | Temple   | Became a worshipper of Vehumet
  4115 | D:4      | Found an iron altar of Okawaru.
  4597 | D:4      | Noticed Grinder
  4734 | D:3      | Reached skill level 6 in Conjurations
  4734 | D:3      | Reached XP level 6. HP: 29/36 MP: 4/11
  5600 | D:4      | Found a stormy altar of Qazlal.
  5776 | D:5      | Entered Level 5 of the Dungeon
  6157 | D:5      | Reached skill level 1 in Hexes
  6194 | D:5      | Found a bloodstained altar of Trog.
  6220 | D:5      | Reached XP level 7. HP: 41/41 MP: 5/13
  6448 | D:5      | Found a large runed translucent door.
  6448 | D:5      | Found a large runed translucent door.
  6451 | D:5      | Noticed a shadow
  6481 | D:5      | Mangled by an ogre

Illustrated notes

Levels and vault maps discovered:
D:1:      dpeg_arrival_arbitrary_b, layout_loops_ring, st_stairs_4,
          minmay_misc_feat_chi
D:2:      layout_loops_cross, shapermc_ecumenical_altar_mp_urbaneastern
D:3:      layout_basic, zin_academy, gammafunk_ghost_stat_death, st_stairs_12,
          patterned_corridor, uniq_robin
D:4:      layout_loops_corners, grunt_qazlal_clouds,
          mainiacjoe_overflow_six_doors_small, minmay_temple_entry_statues,
          gup_sewer_entry_pipe, uniq_grinder
D:5:      layout_rooms, mainiacjoe_overflow_cross_hatched,
          minmay_hollow_rounded_squares, uniq_pikel
Temple:   hellmonk_temple_micro_hex

Skill      XL: |  1  2  3  4  5  6 |
---------------+-------------------+-----
Stealth        | 3 |  3.1
Conjurations   | 5 6 |  6.4
Spellcasting   | 3 4 |  4.2
Hexes          | 1 |  1.2
Fighting       | |  0.2
Dodging        | |  2.4
Shields        | |  0.2

Action                   |  1- 3 |  4- 6 |  7- 9 || total
-------------------------+-------+-------+-------++-------
Melee: Unarmed           |    10 |     2 |       ||    12
       Constrict         |     4 |     1 |       ||     5
       Tentacles         |     3 |     1 |       ||     4
 Cast: Magic Dart        |    81 |   105 |     2 ||   188
       Searing Ray       |       |     9 |     1 ||    10
  Use: Scroll            |       |     5 |     1 ||     6
Armor: Skin              |     3 |     3 |       ||     6
Dodge: Dodged            |    23 |     8 |     2 ||    33
Block: Other             |     1 |     1 |       ||     2

Table legend: (Time is in decaauts)
 A = Elapsed time spent in this place.
 B = Non-inter-level travel time spent in this place.
 C = Inter-level travel time spent in this place.
 D = Time resting spent in this place.
 E = Time spent auto-exploring this place.
 F = Levels seen in this place.
 G = Mean time per level.
                   A        B        C        D        E       F      G
               +--------+--------+--------+--------+--------+-----+--------+
         Total |   6482 |   5972 |    510 |   2541 |   2701 |   6 | 1080.3 |
       Dungeon |   6457 |   5947 |    510 |   2541 |   2701 |   5 | 1291.4 |
        Temple |     24 |     24 |      0 |      0 |      0 |   1 |   24.0 |
               +--------+--------+--------+--------+--------+-----+--------+

Top non-repeatable levels by time:
     D:4: 1770 daAuts
     D:3: 1610 daAuts
     D:1: 1293 daAuts
     D:2: 1078 daAuts
     D:5: 704 daAuts
  Temple: 24 daAuts
